Map: Ultralove

Players

ManlyManMeat - Winner!

  • Race: Zerg Zerg
  • League: Master
  • Spawn Location: 1:00

Arthurius

  • Race: Terran Terran
  • League: Diamond
  • Spawn Location: 7:00

VOD

Have the link to the VOD?

Description

Time

  • Played on: June 17, 2025, 2:03 p.m.
  • Length: 23:46
Show
View Real Time Build Order
Export as new Build Order

ManlyManMeat Zerg - Winner!

Build Orders: Hatch First 

Get SALT Encoding   

  12  0:00  Drone  
  13  0:12  Overlord  
  13  0:16  Drone  
  14  0:31  Drone x2  
  14  0:34  Drone  
  17  0:52  Hatchery  
  17  0:54  Drone  
  17  0:59  Drone  
  18  1:08  Drone  
  19  1:18  Spawning Pool  
  19  1:20  Drone, Extractor  
  18  1:28  Drone  
  19  1:46  Drone  
  20  1:54  Drone  
  21  2:05  Queen  
  21  2:06  Queen  
  21  2:07  Overlord  
  26  2:08  Drone  
  26  2:14  Zergling x2  
  27  2:18  Zergling x2  
  27  2:20  Metabolic Boost  
  28  2:25  Drone  
  29  2:31  Drone  
  30  2:45  Drone x3  
  30  2:48  Queen  
  35  3:03  Drone  
  35  3:04  Overlord  
  35  3:05  Overlord  
  36  3:16  Hatchery  
  35  3:24  Drone x4  
  35  3:25  Drone x4  
  43  3:44  Overlord  
  43  3:45  Overlord  
  42  3:55  Drone x4  
  46  4:00  Drone  
  47  4:10  Baneling Nest  
  47  4:12  Roach Warren  
  47  4:16  Extractor  
  45  4:17  Drone x4  
  45  4:18  Extractor  
  45  4:19  Extractor  
  46  4:29  Drone x5  
  51  4:31  Lair  
  51  4:34  Evolution Chamber  
  51  4:35  Evolution Chamber  
  51  4:37  Spore Crawler  
  51  4:38  Spore Crawler  
  47  4:39  Drone x7  
  47  4:44  Queen  
  56  4:50  Zergling x6  
  59  5:02  Zergling x2  
  59  5:03  Zergling x8  
  64  5:10  Drone  
  65  5:21  Hatchery  
  65  5:22  Overlord x3  
  65  5:27  Hatchery  
  63  5:44  Overlord x2  
  63  5:45  Overlord  
  63  5:46  Zergling x26  
  63  5:49  Zerg Melee Weapons Level 1  
  76  5:51  Centrifugal Hooks  
  76  5:57  Overlord  
  76  5:58  Drone x4  
  77  6:28  Drone x2  
  77  6:29  Drone x11  
  90  6:40  Baneling x9  
  90  6:41  Baneling  
  90  6:42  Extractor  
  90  6:43  Extractor  
  90  6:45  Drone  
  90  6:46  Drone x4  
  93  6:47  Drone x3  
  93  6:51  Queen  
  93  6:52  Drone x2  
  93  6:53  Drone x3  
  103  7:11  Zergling x12  
  103  7:12  Zergling x4  
  111  7:21  Zergling x10  
  106  7:34  Zergling x2  
  106  7:35  Zergling x12  
  105  7:40  Zergling x6  
  103  7:50  Zergling x14  
  107  8:00  Drone x5  
  107  8:02  Zergling x4  
  114  8:14  Zergling x16  
  114  8:15  Zergling x2  
  114  8:16  Baneling x21  
  114  8:17  Baneling x6  
  114  8:19  Zergling x2  
  127  8:20  Zergling x10  
  127  8:24  Overseer  
  129  8:29  Drone x4  
  117  8:54  Zergling x10  
  117  8:55  Zergling x36  
  129  9:06  Zergling x10  
  128  9:24  Overlord  
  128  9:25  Overlord x3  
  108  9:46  Zergling x2  
  108  9:47  Zergling x42  
  108  9:48  Zerg Melee Weapons Level 2  
  108  9:49  Zerg Ground Armor Level 1  
  120  10:02  Drone x2  
  120  10:03  Drone x8  
  120  10:05  Baneling x10  
  127  10:12  Zergling x8  
  131  10:27  Extractor  
  131  10:28  Extractor  
  110  10:44  Zergling x12  
  110  10:45  Zergling x38  
  127  10:55  Queen  
  127  10:56  Drone x7  
  136  11:04  Baneling x2  
  136  11:05  Baneling x25  
  136  11:21  Zergling x16  
  136  11:22  Zergling x16  
  136  11:24  Baneling x5  
  136  11:25  Baneling  
  152  11:28  Zergling x12  
  158  11:43  Hatchery  
  143  12:02  Hatchery  
  113  12:09  Zergling x34  
  113  12:10  Zergling x10  
  129  12:20  Zergling x2  
  128  12:30  Zerg Ground Armor Level 2, Infestation Pit  
  128  12:35  Zergling x18  
  136  12:38  Baneling x2  
  136  12:39  Baneling x9  
  136  12:40  Baneling x6  
  136  12:43  Drone x10  
  146  12:46  Overseer  
  146  12:48  Overseer x5  
  146  12:54  Overseer x2  
  146  12:55  Zergling x10, Hatchery x2  
  146  12:56  Zergling x4, Hatchery  
  146  12:58  Hatchery  
  149  12:59  Hatchery  
  110  13:35  Zergling x10  
  110  13:36  Zergling x46  
  129  13:45  Zergling x12  
  131  13:54  Zergling x12  
  104  14:03  Zergling x14  
  104  14:06  Queen  
  104  14:08  Queen  
  111  14:10  Zergling x14  
  117  14:25  Drone x6  
  117  14:26  Zergling x4  
  125  14:34  Baneling x16  
  121  14:56  Zergling x2  
  121  14:57  Zergling x44  
  144  15:01  Hive  
  138  15:13  Zergling x12  
  138  15:14  Zergling x6  
  129  15:21  Zergling x12  
  129  15:22  Zergling x2  
  125  15:37  Zergling x10  
  125  15:38  Zergling x10  
  134  15:46  Zergling x12  
  140  15:59  Drone x10  
  140  16:02  Baneling x11  
  140  16:03  Baneling x4  
  148  16:15  Zergling x34  
  144  16:38  Zergling x36  
  150  16:52  Zergling x16  
  150  16:53  Zergling x6  
  159  16:57  Drone  
  159  16:58  Drone x3  
  158  17:13  Ultralisk Cavern  
  157  17:32  Zerg Melee Weapons Level 3  
  157  17:33  Zerg Ground Armor Level 3  
  128  18:15  Ultralisk x7  
  128  18:18  Drone x6  
  174  18:29  Spawning Pool  
  174  18:30  Spawning Pool  
  172  18:40  Ultralisk  
  172  18:41  Ultralisk  
  184  18:46  Baneling x16  
  184  18:47  Baneling x3  
  157  19:16  Ultralisk x4  
  165  19:38  Zergling x2, Ultralisk  
  156  19:39  Zergling x36  
  173  19:48  Drone x5  
  178  19:55  Chitinous Plating  
  165  20:20  Zergling x4, Ultralisk  
  165  20:21  Zergling x48  
  163  21:05  Zergling x2  
  163  21:06  Zergling x56  
  187  23:24  Spire  
  187  23:25  Spire  
Show
View Real Time Build Order
Export as new Build Order

Arthurius Terran 

Build Orders: Reaper Expand 

Get SALT Encoding   

  12  0:01  SCV  
  13  0:13  SCV  
  14  0:18  Supply Depot  
  14  0:25  SCV  
  15  0:40  SCV  
  15  0:41  Barracks  
  16  0:43  Refinery  
  16  0:52  SCV  
  17  1:04  SCV  
  18  1:16  SCV  
  19  1:33  Orbital Command  
  19  1:34  Reaper  
  20  1:45  Command Center  
  20  1:59  SCV  
  20  2:00  Supply Depot  
  21  2:09  Factory  
  21  2:14  SCV  
  22  2:16  Refinery, Marine  
  23  2:26  SCV  
  24  2:34  Marine  
  25  2:38  SCV  
  26  2:50  SCV  
  27  2:54  Bunker  
  27  2:55  Hellion  
  27  2:57  Barracks Reactor  
  26  2:58  Orbital Command  
  29  3:04  Starport  
  29  3:07  SCV  
  30  3:16  Barracks  
  30  3:19  SCV  
  31  3:25  SCV  
  31  3:30  Supply Depot  
  31  3:31  SCV  
  32  3:37  SCV  
  32  3:41  Hellion x2  
  37  3:45  Viking  
  37  3:47  SCV  
  40  3:49  SCV  
  40  3:54  Supply Depot  
  41  4:02  Barracks  
  41  4:03  SCV x2  
  41  4:04  Hellion  
  41  4:09  Marine  
  45  4:10  Marine  
  45  4:15  SCV  
  45  4:16  SCV  
  49  4:24  Supply Depot  
  49  4:27  Engineering Bay, SCV  
  49  4:28  SCV  
  49  4:29  Liberator  
  54  4:32  Hellion  
  54  4:33  Hellion  
  58  4:40  SCV x2  
  58  4:45  Engineering Bay  
  60  4:52  SCV x2  
  62  5:00  Refinery x2  
  62  5:04  SCV x2  
  64  5:10  Barracks Reactor  
  64  5:12  Barracks Tech Lab x2  
  64  5:15  Terran Infantry Armor Level 1, Terran Infantry Weapons Level 1  
  64  5:16  SCV x2  
  64  5:19  Barracks  
  64  5:20  Barracks  
  66  5:28  SCV x2  
  67  5:34  Barracks  
  68  5:37  Stimpack  
  68  5:40  SCV x2  
  70  5:46  Factory Tech Lab  
  70  5:52  Combat Shield, Armory  
  70  5:58  Supply Depot x2  
  70  5:59  Starport Reactor  
  70  6:12  Marine, SCV x2  
  70  6:15  Marine x3  
  67  6:21  Barracks Reactor x2  
  67  6:23  Supply Depot  
  67  6:24  SCV x2  
  63  6:26  Supply Depot  
  63  6:29  Barracks  
  63  6:32  Marine  
  63  6:36  SCV x2  
  63  6:39  Command Center  
  66  6:48  Marauder x2, Marine, SCV x2  
  73  6:55  Siege Tank  
  73  6:56  Supply Depot x2, Medivac x2  
  73  6:58  Marine x4  
  73  7:00  Marine  
  73  7:01  SCV x2  
  87  7:06  Marine  
  88  7:09  Marine  
  88  7:13  SCV x2  
  91  7:24  Marine x8  
  91  7:25  Marine x2, SCV  
  87  7:47  Supply Depot  
  87  7:50  Marauder x2, Marine x6  
  87  7:51  Barracks Reactor  
  96  7:53  SCV x2  
  98  8:00  Terran Infantry Armor Level 2, Terran Infantry Weapons Level 2  
  98  8:02  Concussive Shells  
  98  8:04  Supply Depot x2  
  98  8:05  Medivac  
  100  8:10  SCV x2  
  102  8:20  Marine x4  
  102  8:24  Orbital Command, Widow Mine  
  102  8:26  Refinery  
  108  8:36  Supply Depot, SCV  
  108  8:37  SCV  
  108  8:40  Bunker  
  110  8:44  Refinery  
  110  8:45  Widow Mine  
  109  8:48  SCV  
  109  8:49  SCV  
  109  8:55  SCV  
  97  8:58  Drilling Claws  
  97  9:01  SCV x2  
  99  9:04  Factory  
  99  9:06  Marauder x2, Marine x5  
  99  9:07  SCV  
  109  9:13  Starport Reactor  
  109  9:15  SCV x2  
  109  9:27  SCV x3  
  103  9:33  Marauder x2  
  103  9:36  Siege Tank  
  103  9:38  Marine x6  
  95  9:39  SCV  
  90  9:49  Widow Mine x2  
  90  9:50  SCV x2  
  90  9:51  SCV  
  87  9:54  Marauder  
  87  9:59  Marine  
  90  10:00  Marauder, Marine x9  
  100  10:08  Barracks  
  100  10:14  SCV  
  100  10:15  Marauder, SCV x2  
  100  10:20  Bunker  
  105  10:25  Siege Tank, Widow Mine x2  
  105  10:26  SCV  
  105  10:27  SCV x2  
  102  10:46  SCV x3  
  97  10:55  Hellbat, Widow Mine  
  101  10:57  Siege Tank  
  101  10:58  SCV  
  101  10:59  SCV x2  
  101  11:00  Refinery, Barracks Tech Lab  
  101  11:01  Missile Turret  
  107  11:10  Marauder, Marine x4, SCV  
  107  11:11  Marauder, Marine x6, SCV x2  
  124  11:16  Widow Mine  
  124  11:17  Terran Infantry Armor Level 3, Terran Vehicle Weapons Level 1, Terran Infantry Weapons Level 3  
  126  11:22  SCV  
  127  11:28  Marine x5, SCV x2  
  127  11:29  Command Center  
  127  11:30  Marauder  
  127  11:32  Marauder x2  
  140  11:34  Missile Turret, SCV  
  140  11:37  Supply Depot  
  141  11:40  SCV  
  142  11:49  Marine  
  142  11:50  Marine x6  
  142  11:51  Orbital Command  
  142  11:53  Orbital Command  
  149  11:55  Marine x2  
  149  11:56  Marauder x3  
  149  11:58  Supply Depot, Marine  
  149  12:01  Supply Depot  
  108  12:17  Marauder x3  
  116  12:23  Hellbat x2, Siege Tank  
  116  12:26  Infernal Pre-Igniter  
  116  12:28  SCV x2  
  116  12:29  Supply Depot  
  123  12:38  Marauder  
  123  12:40  SCV  
  126  12:45  Orbital Command  
  126  12:56  SCV x2  
  128  13:00  Bunker  
  128  13:08  SCV x2  
  129  13:15  Marine, SCV  
  129  13:16  Marauder x3  
  137  13:20  SCV x2  
  122  13:27  SCV  
  121  13:36  Marine x7  
  108  13:53  Marine x6  
  108  13:54  Marine  
  113  13:58  Marine x5  
  106  14:03  SCV x2  
  106  14:04  SCV, Planetary Fortress  
  106  14:09  Marine  
  94  14:11  Marauder x2  
  96  14:43  Marine, SCV x3  
  96  14:44  Marine x11  
  111  14:46  Widow Mine  
  113  15:03  Command Center  
  113  15:04  Widow Mine x2  
  113  15:06  Medivac x2  
  111  15:17  SCV x3  
  98  15:25  Bunker, Siege Tank  
  93  15:31  Bunker  
  93  15:36  SCV x3, Medivac  
  93  15:42  Marauder, Refinery, Command Center, Reaper  
  100  15:43  Hellbat x2  
  101  15:51  SCV x2  
  101  15:52  SCV  
  101  15:53  Marine  
  101  15:54  Marauder, Marine  
  108  16:03  Refinery  
  108  16:05  Refinery  
  108  16:08  SCV x3  
  111  16:14  Armory  
  111  16:20  Orbital Command  
  111  16:38  Marine  
  111  16:39  Marauder, Marine x8  
  106  16:58  Siege Tank  
  106  17:01  Marauder x2, Marine x5  
  118  17:12  SCV  
  118  17:13  SCV x3  
  121  17:18  Medivac x2  
  121  17:19  Hellbat x2  
  128  17:25  SCV x2  
  130  17:30  Factory, Siege Tank  
  133  17:46  Marauder x2, Marine x11  
  149  17:58  Hellbat  
  149  18:02  Siege Tank  
  149  18:04  Marine  
  146  18:26  Planetary Fortress  
  146  18:29  Command Center  
  108  19:14  Marauder x3  
  108  19:16  Ghost Academy, Hellbat x2  
  107  19:17  Thor, Factory Tech Lab  
  100  19:48  Ghost x2, Personal Cloaking  
  100  19:49  Marine x2  
  108  20:03  Orbital Command  
  93  20:14  Orbital Command  
Tags
 
Add a new tag
Caveats
  • Supply blocks, unpowered buildings, or Contaminate may cause inaccurate times.
  • Supply counts are checked every 10 seconds.